 Dungeon Crawl Stone Soup version 0.17.2-1-ge4368a0 (webtiles) character file.

22 daftwullie the Cudgeler (level 2, 0/29 HPs)
             Began as an Ogre Warper on Feb 6, 2017.
             Slain by a giant gecko (2 damage)
             ... on level 1 of the Dungeon.
             The game lasted 00:11:33 (1231 turns).

daftwullie the Cudgeler (Ogre Warper)               Turns: 1231, Time: 00:11:34

Health: 0/29       AC:  3    Str: 15    XL:     2   Next: 91%
Magic:  0/5        EV: 10    Int: 12    God:
Gold:   35         SH:  0    Dex:  9    Spells: 3 memorised, 1 level left

rFire  . . .     SeeInvis .     a - +0 mace
rCold  . . .     Clarity  .     b - +0 robe
rNeg   . . .     SustAt   .     (no shield)
rPois  .         Gourm    .     (helmet restricted)
rElec  .         Spirit   .     (no cloak)
rCorr  .         Warding  .     (gloves unavailable)
rMut   .         Stasis   .     (boots unavailable)
MR     .....                    (no amulet)
Stlth  +.........               (no ring)
                                (no ring)

@: not resistant to hostile enchantments, very unstealthy
A: unfitting armour, tough skin 1
a: no special abilities


You were on level 1 of the Dungeon.
You were not hungry.

You visited 1 branch of the dungeon, and saw 3 of its levels.

You collected 35 gold pieces.

Inventory:

Hand Weapons
 a - a +0 mace (weapon)
Missiles
 e - 5 tomahawks of dispersal (quivered)
 j - 28 stones
Armour
 b - a +0 robe (worn)
Scrolls
 d - 2 scrolls of blinking
 h - a scroll of identify {unknown}
 k - 4 scrolls of magic mapping {unknown}
Potions
 g - 2 potions of curing {unknown}
 l - a potion of haste {unknown}
 m - a potion of brilliance {unknown}
Books
 c - a book of Spatial Translocations

   Spells                             Type                      Level
   a - Apportation                    Translocation                1
   b - Blink                          Translocation                2
   c - Shroud of Golubria             Charms/Translocation         2
   d - Portal Projectile              Translocation                3
   e - Teleport Other                 Translocation                3
   f - Passage of Golubria            Translocation                4
Comestibles
 f - 2 bread rations


   Skills:
 + Level 2.6 Fighting
 * Level 3.1 Maces & Flails
 * Level 1.5 Throwing
 - Level 2.1 Dodging
 + Level 2.8 Spellcasting
 + Level 2.4 Translocations


You had one spell level left.
You knew the following spells:

 Your Spells              Type           Power        Failure   Level  Hunger
a - Apportation           Tloc           #.........   12%         1    #......
b - Blink                 Tloc           N/A          14%         2    ###....
c - Shroud of Golubria    Chrm/Tloc      #.........   28%         2    ###....


Dungeon Overview and Level Annotations

Branches:
Dungeon (3/15)

Altars:
Dithmenos
Sif Muna
Xom


Innate Abilities, Weirdness & Mutations

You are too large for most types of armour.
You have tough skin (AC +1).


Message History

Found an escape hatch in the ceiling.
Your shroud begins to fray at the edges.
Your shroud bends the giant gecko's attack away.
The giant gecko hisses menacingly.
There is an escape hatch in the ceiling here.
The giant gecko bites you.
* * * LOW HITPOINT WARNING * * *
The giant gecko bites you.
* * * LOW HITPOINT WARNING * * *
Your shroud falls apart!
A mysterious force pulls you upwards. The hatch slams shut behind you.
Casting: Shroud of Golubria
Confirm with . or Enter, or press ? or * to list all spells.
Okay, then.
The giant gecko barely misses you.
Casting: Shroud of Golubria
Confirm with . or Enter, or press ? or * to list all spells.
You blink.
The giant gecko closely misses you. The giant gecko bites you.
You die...

#####.#.##..#....###............
#..[.#..#.#...................##
#.###.####..##.#.###.....>......
#.# #.####>.##.#.# #............
#.# #.........#..# #..##.#......
#.# ######..##.### #..##.#......
#.# #..##ยง# #.....#...... ##.##
#..##l#####..####...... ....##
#..##.@...#..# #......
##...######..######.#..# ###....
.........##..# #.#..# #.....
##.#.###.##..# #.#..#####.....
#.#.# #.....# #.#............
##.#.###.###.# #.##.#####..#..
...#.....# #.# #.##.#####..#..
########.# #.# #.##........#..
...#.....# #.# #..............


You could see a giant gecko.

Vanquished Creatures
  2 oozes (D:1)
  3 bats
  2 goblins
  A hobgoblin (D:1)
  A giant newt (D:2)
  2 kobolds
  2 rats (D:1)
13 creatures vanquished.

Notes
Turn   | Place    | Note
--------------------------------------------------------------
     0 | D:1      | daftwullie the Ogre Warper began the quest for the Orb.
     0 | D:1      | Reached XP level 1. HP: 22/22 MP: 3/3
   321 | D:1      | Reached XP level 2. HP: 29/29 MP: 5/5
   325 | D:1      | Learned a level 2 spell: Blink
   328 | D:1      | Learned a level 2 spell: Shroud of Golubria
   339 | D:1      | Reached skill level 3 in Maces & Flails
  1014 | D:2      | Found a shadowy altar of Dithmenos.
  1016 | D:2      | Found a shimmering altar of Xom.
  1019 | D:2      | Found a deep blue altar of Sif Muna.
  1222 | D:2      | HP: 1/29 [giant gecko (5)]
  1231 | D:1      | Slain by a giant gecko

Action                   || total
-------------------------++-------
Melee: Mace              ||    45
 Cast: Blink             ||     2
       Shroud of Golubri ||     2
  Eat: Chunk             ||     1
